 Dungeon Crawl Stone Soup version 0.29.0-11-gd7f09526c8 (webtiles) character file.

Game seed: 17086396489565718699

205 DoubleLucky the Caller (level 5, -2/28 HPs)
             Began as a Tengu Summoner on Sept 3, 2022.
             Was an Initiate of Ashenzari.
             Killed by divine providence
             ... invoked by an orc priest
              (14 damage)
             ... on level 3 of the Dungeon.
             The game lasted 00:12:49 (2620 turns).

DoubleLucky the Caller (Tengu Summoner)             Turns: 2620, Time: 00:12:50

Health: -2/28      AC:  2    Str: 10    XL:     5   Next: 83%
Magic:  8/12       EV: 14    Int: 15    God:    Ashenzari [......]
Gold:   143        SH:  0    Dex: 15    Spells: 6/12 levels left

rFire   . . .      SeeInvis .   h - +0 trident
rCold   . . .      Faith    .   (no shield)
rNeg    . . .      Spirit   .   a - +0 robe
rPois   .          Reflect  .   (helmet restricted)
rElec   .          Harm     .   (no cloak)
rCorr   .          Rampage  .   (no gloves)
Will    .....                   (boots unavailable)
Stlth   ++........              (no amulet)
HPRegen 0.09/turn               (no ring)
MPRegen 0.13/turn               (no ring)

@: flying quickly and evasively, studying 2 skills, quick
A: beak, talons 3, nimble flight
a: Renounce Religion


You were on level 3 of the Dungeon.
You worshipped Ashenzari.
Ashenzari was noncommittal.
You visited 1 branch of the dungeon, and saw 3 of its levels.

You collected 143 gold pieces.

Inventory:

Hand Weapons
 f - a +0 dagger
 h - a +0 trident (weapon)
Armour
 a - a +0 robe (worn)
 o - a +0 ring mail of poison resistance
Jewellery
 p - a ring of willpower
Scrolls
 c - 5 scrolls of identify {unknown}
 d - 2 scrolls of blinking {unknown}
 e - 4 scrolls of noise {unknown}
 g - 2 scrolls of teleportation {unknown}
 i - a scroll of enchant armour {unknown}
 j - a scroll of immolation
 l - a scroll of amnesia {unknown}
 m - a scroll of magic mapping {unknown}
 n - a scroll of summoning {unknown}
Potions
 b - a potion of magic
 k - 2 potions of flight {unknown}
 q - a potion of curing {unknown}


   Skills:
 + Level 4.1 Polearms
 - Level 2.1 Dodging
 - Level 2.0 Stealth
 - Level 4.0 Spellcasting
 - Level 4.8 Summonings


You had 6 spell levels left.
You knew the following spells:

 Your Spells              Type           Power      Damage    Failure   Level
a - Summon Small Mammal   Summ           68%        N/A       2%          1
b - Call Imp              Summ           17%        N/A       3%          2
c - Call Canine Familiar  Summ           17%        N/A       8%          3

Your spell library contained the following spells:

 Spells                   Type           Power      Damage    Failure   Level
 Apportation              Tloc           6%         N/A       19%         1
 Summon Guardian Golem    Hex/Summ       10%        N/A       21%         3
 Summon Lightning Spire   Summ/Air       10%        N/A       56%         4
 Alistair's Intoxication  Tmut/Pois      2%         N/A       99%         5


Dungeon Overview and Level Annotations

Branches:
Dungeon (3/15)

Altars:
Ashenzari
Uskayaw


Innate Abilities, Weirdness & Mutations

You have a beak for a mouth.
You have claws for feet.
Your magical nature lets you fly swiftly and evasively.


Message History

You hit the orc priest but do no damage.
The orc priest hits you with a +0 club.
You swap places.
Your bat closely misses the orc priest.
Your bat hits the orc priest.
Your crimson imp barely misses the orc priest.
The orc priest invokes the aid of Beogh against you.
Beogh smites you!
You are too injured to fight recklessly!
You are too injured to fight recklessly!
Reach: h) +0 trident
Press: ? - help, Dir - move target, f - orc priest
Aim: an orc priest, wielding a +0 club and wearing a +0 ring mail (lightly wounded, ally target, about 37% to evade your +0 trident)
You reach to attack!
You hit the orc priest but do no damage.
The orc priest is lightly wounded.
Your bat hits the orc priest but does no damage.
Your crimson imp hits the orc priest but does no damage.
Your bat closely misses the orc priest.
The orc priest calls down the wrath of Beogh upon you.
Your bat writhes in agony.
Your bat dies!
Your bat's corpse disappears in a puff of smoke!
Reach: h) +0 trident
Press: ? - help, Dir - move target, f/p - orc priest
Aim: an orc priest, wielding a +0 club and wearing a +0 ring mail (lightly wounded, ally target, about 37% to evade your +0 trident)
You reach to attack!
You hit the orc priest.
The orc priest is moderately wounded.
Your crimson imp hits the orc priest but does no damage.
You barely miss the orc priest. You claw the orc priest.
You peck the orc priest, but do no damage.
The orc priest is moderately wounded.
The orc priest misses you.
You barely miss the orc priest. Your kick misses the orc priest.
Your peck misses the orc priest.
The orc priest is moderately wounded.
Your crimson imp blinks!
The orc priest mumbles some strange prayers to Beogh against you.
Beogh smites you!
Ouch! That really hurt!
You die...

######## .......#
######.###########
...........))<.5@#
......#.########o#
#####...# #§#
##.## #.. ##.#
#... #..# #.~~~
#..# #~~.~. #..#
#.~..♣# #####..#
#..!..


You could see an orc priest (ally target) and a friendly crimson imp (summoned).

Vanquished Creatures
  An orc wizard (D:3)
  An adder (D:3)
  4 dart slugs
  4 orcs (D:3)
  3 endoplasms
  A giant cockroach (D:3)
  2 goblins (D:2)
  5 hobgoblins
  A jackal (D:2)
  A kobold (D:1)
  A quokka (D:1)
  2 ball pythons
  3 bats
  A frilled lizard (D:3)
  6 rats
36 creatures vanquished.

Vanquished Creatures (collateral kills)
  2 orc wizards (D:3)
  3 adders
  2 worms (D:2)
  A dart slug (D:1)
  5 orcs (D:3)
  4 ball pythons
  A bat (D:1)
  5 endoplasms
  2 giant cockroaches
  A jackal (D:2)
  4 kobolds
  2 frilled lizards
  2 goblins
  2 rats
36 creatures vanquished.

Vanquished Creatures (others)
  2 plants (D:2)
2 creatures vanquished.

Grand Total: 74 creatures vanquished

Notes
Turn   | Place    | Note
-------+----------+-------------------------------------------
     0 | D:1      | DoubleLucky the Tengu Summoner began the quest for the Orb.
     0 | D:1      | Reached XP level 1. HP: 10/10 MP: 4/4
   105 | D:1      | Reached XP level 2. HP: 15/15 MP: 1/6
   612 | D:1      | Reached XP level 3. HP: 17/19 MP: 6/8
   862 | D:2      | Learned a level 2 spell: Call Imp
  1032 | D:2      | Found a faded altar of an unknown god.
  1122 | D:2      | Reached XP level 4. HP: 24/24 MP: 5/10
  1208 | D:2      | Learned a level 3 spell: Call Canine Familiar
  1376 | D:2      | Reached skill level 1 in Polearms
  1871 | D:3      | Gained mutation: Your magical nature lets you fly swiftly
                  | and evasively. [Tengu growth]
  1871 | D:3      | Reached XP level 5. HP: 18/28 MP: 10/12
  2175 | D:3      | Found a hide-covered altar of Uskayaw.
  2334 | D:3      | Found a broken altar of Ashenzari.
  2388 | D:3      | Became a worshipper of Ashenzari the Shackled
  2620 | D:3      | Killed from afar by an orc priest

Illustrated notes

Levels and vault maps discovered:
D:1:      matt_arrival_diagonals, layout_rooms, feat_on_display
D:2:      layout_basic, hellmonk_ecumenical_altar_blasted,
          serial_bayou_lagoon_a, chequers_serial_rivers_room_b,
          chequers_serial_rivers_small_b, minmay_quantized
D:3:      layout_loops_ring, eat_drink_and_be_merry_uskayaw,
          mainiacjoe_overflow_surrounded_room, ebering_ghost_reflecting_pool,
          serial_bayou_pond_e

Skill      XL: |  1  2  3  4  5 |
---------------+----------------+-----
Spellcasting   | 3 4 |  4.0
Polearms       | 2 4 |  4.1
Dodging        | |  2.1
Stealth        | |  2.0
Summonings     | |  4.8

Action                   |  1- 3 |  4- 6 || total
-------------------------+-------+-------++-------
Melee: Unarmed           |     5 |       ||     5
       Peck              |     3 |     7 ||    10
       Dagger            |    17 |       ||    17
       Kick              |     6 |     6 ||    12
       Short sword       |     1 |       ||     1
       Trident           |    10 |    65 ||    75
       Punch             |     1 |       ||     1
 Cast: Summon Small Mamm |    34 |    30 ||    64
       Call Imp          |     2 |    12 ||    14
       Call Canine Famil |       |     2 ||     2
 Stab: Sleeping          |     1 |     5 ||     6
       Distracted        |     1 |     2 ||     3
Armor: Robe              |     4 |     4 ||     8
Dodge: Dodged            |    19 |    13 ||    32
